[Event "Titled Tuesday Blitz August 16 Late 2022"]
[White "Ferreira, Vitor Hugo Vieira"]
[Black "Kim, Sergey"]
[WhiteFideId "2119765"]
[BlackFideId "13700570"]
[WhiteElo "2168"]
[BlackElo "2295"]
[Result "1/2-1/2"]
[Round "09"]
[TimeControl "180+1"]
[Date "2022.08.18"]
[WhiteClock "0:00:00"]
[BlackClock "0:00:00"]

1. d4 Nf6 2. c4 g6 3. Nc3 Bg7 4. e4 d6 5. Nf3 O-O 6. Be2 e5 7. O-O exd4 8. Nxd4 Re8 9. f3 c6 10. Bf4 a5 11. Qd2 a4 12. Rad1 Nh5 13. Bh6 Bh8 14. f4 Nf6 15. Bg5 Qb6 16. Bf3 Ng4 17. h3 Ne5 18. Be2 Ned7 19. Kh1 Nc5 20. Bf3 Nbd7 21. Nde2 Qb4 22. Qxd6 Qxc4 23. Nd4 Bg7 24. a3 Bf8 25. Be2 Qxe2 26. Ndxe2 Bxd6 27. Rxd6 Nxe4 28. Nxe4 Rxe4 29. Nc3 Re8 30. Rfd1 Nc5 31. Bf6 Be6 32. Bd4 Nb3 33. Be5 Nc5 34. Bd4 Nb3 35. Be5 Bf5 36. g4 Bc2 37. Rf1 Nc5 38. Kh2 Ne4 39. Nxe4 Bxe4 40. Rfd1 Bd5 41. Rd2 Rad8 42. Rxd8 Rxd8 43. Kg3 Re8 44. Kh4 Re6 45. Kg5 Kf8 46. Bd4 Ke7 47. Bc5+ Kd7 48. Bd4 Re4 49. Be5 Ke7 50. Kh6 f6 51. Bc3 Rxf4 52. Kxh7 g5 53. Kg6 Be4+ 54. Kg7 f5 55. Bf6+ Ke6 56. Bxg5 fxg4 57. Bxf4 gxh3 58. Rh2 Bg2 59. Kg6 Kd5 60. Kg5 c5 61. Kg4 Kc4 62. Kg3 b5 63. Be5 b4 64. axb4 cxb4 65. Rxg2 hxg2 66. Kxg2 Kb3 67. Kf3 a3 68. bxa3 bxa3 69. Ke2 a2 70. Kd1 a1=Q+ 71. Bxa1 1/2-1/2


[Site "https://www.chess.com"]

[Event "Titled Tuesday Blitz August 16 Late 2022"]
[White "Ferriz Barrios, Andres"]
[Black "Moore, Alex"]
[WhiteFideId "5104467"]
[BlackFideId "30910692"]
[WhiteElo "2102"]
[BlackElo "1912"]
[Result "1-0"]
[Round "09"]
[TimeControl "180+1"]
[Date "2022.08.18"]
[WhiteClock "0:00:00"]
[BlackClock "0:00:00"]

1. d4 d5 2. Nf3 Nf6 3. e3 c5 4. Nbd2 Nc6 5. c3 Bg4 6. Bd3 e6 7. h3 Bh5 8. Be2 Bd6 9. O-O O-O 10. dxc5 Bxc5 11. Nd4 Bxe2 12. Qxe2 e5 13. Nxc6 bxc6 14. Nb3 Bd6 15. Rd1 Qe7 16. Nd2 e4 17. Nf1 h5 18. b3 a5 19. Bb2 a4 20. c4 Be5 21. Bd4 Bxd4 22. exd4 axb3 23. axb3 Rxa1 24. Rxa1 Qb4 25. cxd5 cxd5 26. Qb2 Rb8 27. Rb1 Rc8 28. Ne3 Rc3 29. Qd2 g6 30. Nd1 Rc4 31. Qg5 Rc6 32. Qe3 Kg7 33. Ra1 Rc2 34. Ra4 Qd2 35. Qxd2 Rxd2 36. Ne3 Rb2 37. Rb4 g5 38. Rb7 Kg6 39. g4 hxg4 40. hxg4 Rd2 41. Rb4 Rb2 42. Kg2 Rb1 43. Rb6 Kg7 44. Nf5+ Kg6 45. Ne3 Kg7 46. b4 Rb3 47. b5 Rb4 48. Rb8 Rxd4 49. Nf5+ 1-0


[Site "https://www.chess.com"]

[Event "Titled Tuesday Blitz August 16 Late 2022"]
[White "Filgueira, Hernan"]
[Black "Martinez Reyes, Pedro Ramon"]
[WhiteFideId "101770"]
[BlackFideId "3901807"]
[WhiteElo "2363"]
[BlackElo "2327"]
[Result "1/2-1/2"]
[Round "09"]
[TimeControl "180+1"]
[Date "2022.08.18"]
[WhiteClock "0:00:00"]
[BlackClock "0:00:00"]

1. Nf3 d5 2. g3 Bf5 3. Bg2 e6 4. O-O c6 5. d3 Nf6 6. Nfd2 Nbd7 7. e4 Bg6 8. Nc3 d4 9. Ne2 e5 10. f4 Bh5 11. Nf3 Bxf3 12. Bxf3 Bd6 13. Bd2 Qe7 14. a3 h5 15. h3 h4 16. g4 exf4 17. Nxf4 Ne5 18. Bg2 O-O-O 19. b4 Kb8 20. Rb1 g5 21. Nh5 Nxh5 22. gxh5 g4 23. h6 gxh3 24. Bxh3 Rdg8+ 25. Kh1 Rg3 26. Bf5 Ng6 27. Qh5 Qe5 28. Rf2 Re3 29. Bxg6 Qg3 30. Rg2 Qh3+ 31. Kg1 Rg3 32. Qe2 fxg6 33. Rxg3 hxg3 34. Qg2 Qh5 35. Be1 g5 36. Bxg3 Bf4 37. Rf1 Qxh6 38. Rf3 Ka8 39. Kf2 Be3+ 40. Ke2 Qh5 41. c3 a5 42. cxd4 Bxd4 43. bxa5 Rf8 44. e5 Re8 45. Kd2 Bxe5 46. Bxe5 Rxe5 47. Rf8+ Ka7 48. Qf2+ c5 49. Rf5 Rxf5 50. Qxf5 Qh2+ 51. Kc3 Qf2 52. Qd5 g4 53. a6 bxa6 54. Qd7+ Kb6 55. Qd6+ Kb5 56. Qd7+ Kb6 57. Qd6+ Kb7 58. Qd7+ Kb6 1/2-1/2


[Site "https://www.chess.com"]

[Event "Titled Tuesday Blitz August 16 Late 2022"]
[White "Gallana, Marco"]
[Black "Altman, Joshua"]
[WhiteFideId "824542"]
[BlackFideId "426210"]
[WhiteElo "2290"]
[BlackElo "1945"]
[Result "0-1"]
[Round "09"]
[TimeControl "180+1"]
[Date "2022.08.18"]
[WhiteClock "0:00:00"]
[BlackClock "0:00:00"]

1. d4 Nf6 2. c4 e6 3. Nf3 b6 4. a3 Bb7 5. Nc3 d5 6. cxd5 Nxd5 7. e3 Be7 8. Bb5+ c6 9. Bd3 O-O 10. e4 Nxc3 11. bxc3 c5 12. O-O Qc7 13. Be3 Rd8 14. Qe2 Nd7 15. Rfe1 Nf8 16. a4 a6 17. Rad1 Rac8 18. Bxa6 Ra8 19. Bd3 Rxa4 20. Ne5 Bd6 21. Nc4 Bxh2+ 22. Kh1 cxd4 23. cxd4 Bf4 24. Nxb6 Qxb6 25. Bxf4 Qxd4 26. Bc2 Qf6 27. Bxa4 Rxd1 28. Rxd1 Qxf4 29. f3 h6 30. Kg1 Ng6 31. Qd2 Qg3 32. Qf2 Qg5 33. Qd2 Qc5+ 34. Qf2 Qg5 35. Bc2 Nf4 36. Qd2 Qg3 37. Kf1 Ba6+ 38. Kg1 Nh3+ 39. Kh1 Nf2+ 40. Kg1 Nxd1 41. Bxd1 Kh7 42. Qf2 Qf4 43. Be2 Qc1+ 44. Kh2 Qd2 0-1


[Site "https://www.chess.com"]

[Event "Titled Tuesday Blitz August 16 Late 2022"]
[White "Gheorghiu, Calin"]
[Black "Howell, David W L"]
[WhiteFideId "1200305"]
[BlackFideId "410608"]
[WhiteElo "2168"]
[BlackElo "2559"]
[Result "0-1"]
[Round "09"]
[TimeControl "180+1"]
[Date "2022.08.16"]
[WhiteClock "0:00:02"]
[BlackClock "0:00:02"]

1. d4 e6 2. Nc3 d5 3. Bf4 Nf6 4. Nb5 Bb4+ 5. c3 Ba5 6. a4 a6 7. b4 axb5 8. axb5 Nh5 9. Bd2 c6 10. bxa5 Rxa5 11. Rxa5 Qxa5 12. e4 Nf6 13. c4 Qa7 14. exd5 exd5 15. Nf3 O-O 16. Be2 dxc4 17. bxc6 b5 18. Bb4 Rd8 19. O-O Nxc6 20. Bc5 Qb8 21. Qb1 h6 22. h3 Nd5 23. Re1 Nc3 24. Qc2 Nxe2+ 25. Qxe2 Be6 26. Rb1 Bd5 27. Nh4 Qf4 28. g3 Qg5 29. Rxb5 c3 30. Rb1 Rc8 31. Qd3 Nxd4 32. Qxd4 c2 33. Re1 c1=Q 0-1


[Site "https://www.chess.com"]

[Event "Titled Tuesday Blitz August 16 Late 2022"]
[White "Hansen, Eric"]
[Black "Al-Tarboush, Ward"]
[WhiteFideId "2606771"]
[BlackFideId "7601450"]
[WhiteElo "2568"]
[BlackElo "2234"]
[Result "1-0"]
[Round "09"]
[TimeControl "180+1"]
[Date "2022.08.16"]
[WhiteClock "0:01:48"]
[BlackClock "0:01:45"]

1. Nf3 d5 2. g3 Nf6 3. Bg2 c6 4. O-O Bf5 5. d3 e6 6. c4 Be7 7. Qb3 Qc7 8. Bf4 Qc8 9. Rc1 O-O 10. Nc3 Nbd7 11. cxd5 exd5 12. Nd4 Be6 13. Nxe6 fxe6 14. d4 Nb6 15. e4 Qe8 16. Re1 Qf7 17. Bh3 Nh5 18. Be3 Kh8 19. Qd1 Nc4 20. Qe2 h6 21. Bxe6 Qxe6 22. Qxh5 dxe4 23. Nxe4 Qxe4 24. Bxh6 Qh7 25. Bxg7+ Kg8 26. Qxh7+ Kxh7 27. Rxe7 Rfe8 28. Rxb7 Kg6 29. b3 Nd2 30. Be5 Nf3+ 31. Kg2 Nxe5 32. dxe5 Rxe5 33. Rc1 Re6 34. Rc7 Re2 35. R1xc6+ Kf5 36. Rc2 Rae8 37. Rxe2 Rxe2 38. Rxa7 1-0


[Site "https://www.chess.com"]

[Event "Titled Tuesday Blitz August 16 Late 2022"]
[White "Harvey, Marcus R"]
[Black "Oparin, Grigoriy"]
[WhiteFideId "400092"]
[BlackFideId "24125890"]
[WhiteElo "2485"]
[BlackElo "2639"]
[Result "0-1"]
[Round "09"]
[TimeControl "180+1"]
[Date "2022.08.16"]
[WhiteClock "0:00:01"]
[BlackClock "0:01:42"]

1. c4 c6 2. Nf3 Nf6 3. b3 g6 4. Bb2 Bg7 5. g3 d5 6. Bg2 O-O 7. O-O Nbd7 8. d4 b5 9. cxb5 cxb5 10. Ne5 Bb7 11. Nc3 a6 12. Rc1 Rc8 13. Qd3 e6 14. f4 Qb6 15. Nxd7 Nxd7 16. e3 Rc7 17. Ne2 Rfc8 18. Rxc7 Rxc7 19. Rc1 b4 20. Rxc7 Qxc7 21. Qd2 a5 22. Qc1 Qb6 23. Qc2 Bf8 24. g4 Nf6 25. g5 Ne4 26. Ng3 Nd6 27. Bf1 Ba6 28. h4 Bxf1 29. Kxf1 Be7 30. Bc1 Kf8 31. h5 Ke8 32. h6 Kd7 33. Bd2 f6 34. gxf6 Bxf6 35. Qd3 Bh4 36. Ne2 Be7 37. Be1 Bf8 38. Bh4 Bxh6 39. Bf6 Qb5 40. Qxb5+ Nxb5 41. Ke1 Nd6 42. Nc1 Ne4 43. Bh4 Bf8 44. Kd1 Bd6 45. Kc2 h6 46. Nd3 g5 47. fxg5 hxg5 48. Be1 Ke7 49. a3 bxa3 50. Bxa5 g4 51. b4 g3 52. Ne1 Nd2 53. Ng2 Nc4 54. Kb3 Kd7 55. e4 dxe4 0-1


[Site "https://www.chess.com"]

[Event "Titled Tuesday Blitz August 16 Late 2022"]
[White "Holt, Conrad"]
[Black "Kravtsiv, Martyn"]
[WhiteFideId "2034387"]
[BlackFideId "14113147"]
[WhiteElo "2586"]
[BlackElo "2694"]
[Result "1-0"]
[Round "09"]
[TimeControl "180+1"]
[Date "2022.08.16"]
[WhiteClock "0:00:04"]
[BlackClock "0:00:11"]

1. d4 d5 2. c4 e6 3. Nc3 Bb4 4. a3 Bxc3+ 5. bxc3 Nf6 6. e3 O-O 7. cxd5 exd5 8. Bd3 c5 9. Ne2 b6 10. O-O Ba6 11. f3 Bxd3 12. Qxd3 Re8 13. g4 Nc6 14. Ra2 Na5 15. Ng3 Rc8 16. Rg2 cxd4 17. cxd4 Qc7 18. g5 Nd7 19. Qf5 Nb3 20. Bb2 Rxe3 21. Qxd5 Qc6 22. Qxc6 Rxc6 23. Nf5 Re8 24. Nxg7 Rec8 25. Nf5 Kf8 26. d5 Rc2 27. Bg7+ Kg8 28. Re1 Rc1 29. Re2 Rxe1+ 30. Rxe1 Rc1 31. Rxc1 Nxc1 32. Kf2 a5 33. Ke3 b5 34. Bc3 Nb3 35. h4 Nb6 36. Ke4 Kf8 37. Nd4 Nc5+ 38. Kf5 b4 39. axb4 Nxd5 40. bxc5 Nxc3 41. c6 Ke7 42. Ke5 a4 43. Nc2 Nb5 44. Nb4 a3 45. Na2 Na7 46. Kd5 Kd8 47. Kd6 Nc8+ 48. Ke5 Kc7 49. Kf6 Nd6 50. Nb4 Kb6 51. Kg7 Kc5 52. Na2 Kc4 53. Kxh7 Kb3 54. h5 Kxa2 55. g6 Kb3 56. g7 a2 57. g8=Q a1=Q 58. Qb8+ Kc4 59. Qxd6 Qb1+ 60. Kg7 Qf1 61. Qf6 Qh3 62. h6 Kc5 63. h7 1-0


[Site "https://www.chess.com"]

[Event "Titled Tuesday Blitz August 16 Late 2022"]
[White "Isajevsky, Anton"]
[Black "Mikhailov, Viacheslav"]
[WhiteFideId "4142500"]
[BlackFideId "4187369"]
[WhiteElo "2510"]
[BlackElo "2381"]
[Result "1-0"]
[Round "09"]
[TimeControl "180+1"]
[Date "2022.08.16"]
[WhiteClock "0:00:03"]
[BlackClock "0:00:22"]

1. c4 Nf6 2. Nc3 g6 3. g3 Bg7 4. Bg2 O-O 5. e3 d6 6. Nge2 c5 7. O-O Nc6 8. d4 cxd4 9. exd4 Bg4 10. h3 Bxe2 11. Nxe2 Rc8 12. Nc3 e5 13. dxe5 dxe5 14. Be3 Nd4 15. b3 Qa5 16. Nd5 Nxd5 17. Bxd5 Kh8 18. Bxb7 Rcd8 19. Bd5 f5 20. Re1 f4 21. gxf4 Nf5 22. Qd2 Qc7 23. fxe5 Nxe3 24. Qxe3 Rf5 25. e6 Bxa1 26. Rxa1 Qg7 27. Re1 Re8 28. e7 Qf6 29. b4 Kg7 30. b5 Rg5+ 31. Kf1 Rf5 32. Qxa7 Qh4 33. Qe3 Kh8 34. Kg1 Rg5+ 35. Kh2 Rf5 36. Re2 Rxe7 37. Qc3+ Ree5 38. Rxe5 Qf4+ 39. Qg3 Qxe5 40. Qxe5+ Rxe5 41. b6 Re8 42. b7 Kg7 43. a4 Kf6 44. a5 Ke5 45. a6 Rf8 46. Kg3 h5 47. a7 Kd4 48. b8=Q h4+ 49. Kxh4 Rh8+ 50. Qxh8+ 1-0


[Site "https://www.chess.com"]

[Event "Titled Tuesday Blitz August 16 Late 2022"]
[White "Janaszak, Dawid"]
[Black "Csonka, Balazs"]
[WhiteFideId "1119206"]
[BlackFideId "742910"]
[WhiteElo "2165"]
[BlackElo "2404"]
[Result "1-0"]
[Round "09"]
[TimeControl "180+1"]
[Date "2022.08.16"]
[WhiteClock "0:00:37"]
[BlackClock "0:00:03"]

1. e4 e6 2. b3 d5 3. Bb2 dxe4 4. Nc3 Nf6 5. Qe2 Be7 6. O-O-O O-O 7. g4 Nc6 8. g5 Nd5 9. h4 e5 10. Qxe4 Be6 11. Bd3 f5 12. gxf6 Nxf6 13. Qg2 Nb4 14. Be2 Nfd5 15. Nh3 Bxh4 16. Ne4 Bf5 17. Nhg5 Bxg5 18. Nxg5 Bxc2 19. a3 Bd3 20. axb4 Bxe2 21. Rdg1 Nf4 22. Qe4 Nd3+ 23. Kb1 h6 24. Qh7# 1-0


[Site "https://www.chess.com"]

[Event "Titled Tuesday Blitz August 16 Late 2022"]
[White "Jorajuria Mendoza, Algol"]
[Black "Barria Zuniga, Daniel"]
[WhiteFideId "5128897"]
[BlackFideId "3400816"]
[WhiteElo "1600"]
[BlackElo "2414"]
[Result "0-1"]
[Round "09"]
[TimeControl "180+1"]
[Date "2022.08.18"]
[WhiteClock "0:00:00"]
[BlackClock "0:00:00"]

1. e4 c5 2. Nc3 Nc6 3. Bb5 Na5 4. Nf3 a6 5. Be2 b5 6. d4 cxd4 7. Nxd4 Bb7 8. O-O e6 9. Re1 Ne7 10. Bf3 Ng6 11. e5 Bxf3 12. Qxf3 Be7 13. Rb1 O-O 14. b4 Nc4 15. a4 Ncxe5 16. Qg3 Qb8 17. axb5 axb5 18. Ndxb5 Rc8 19. Bf4 Nxf4 20. Qxf4 Nc4 21. Qg4 Bf8 22. Red1 d5 23. Rd3 Ne5 0-1


[Site "https://www.chess.com"]

[Event "Titled Tuesday Blitz August 16 Late 2022"]
[White "Kalavannan, Koby"]
[Black "Solon, Nathan"]
[WhiteFideId "425753"]
[BlackFideId "2017229"]
[WhiteElo "1927"]
[BlackElo "2643"]
[Result "1-0"]
[Round "09"]
[TimeControl "180+1"]
[Date "2022.08.16"]
[WhiteClock "0:00:05"]
[BlackClock "0:00:05"]

1. d4 d5 2. Nf3 Nf6 3. c4 e6 4. g3 dxc4 5. Bg2 c5 6. Qa4+ Nc6 7. dxc5 Bxc5 8. O-O O-O 9. Nc3 a6 10. Qxc4 Ba7 11. Bg5 h6 12. Rfd1 Qe7 13. Bh4 Qb4 14. Qxb4 Nxb4 15. Bxf6 gxf6 16. a3 Nc6 17. Ne4 Kg7 18. Rac1 Rd8 19. Rxd8 Nxd8 20. Rd1 Nc6 21. Nd6 Bc5 22. Ne8+ Kf8 23. Nxf6 Ke7 24. Ng8+ Kf8 25. Nxh6 Kg7 26. Ng4 Ra7 27. Nge5 Ne7 28. b4 Bb6 29. Nc4 Bc7 30. Nd6 Bd7 31. Ne5 Ba4 32. Rd3 b5 33. Ne8+ Kf8 34. Nxc7 Rxc7 35. Nd7+ Kg7 36. Nc5 a5 37. Nxa4 bxa4 38. bxa5 Ra7 39. Rd4 Rxa5 40. Be4 f5 41. Bc2 Rc5 42. Bxa4 Rc3 43. Rd7 Kf6 44. h4 Rxa3 45. Bc2 Ra2 46. Bd3 Ng6 47. Rd6 Ne5 48. Bb5 Rb2 49. f4 Rxb5 50. fxe5+ Rxe5 51. Kf2 Re4 52. Kf3 Ra4 53. Rd7 Re4 54. e3 Ra4 55. Rd8 Re4 56. Rg8 Ra4 57. h5 Ra1 58. Rg6+ Kf7 59. Kf4 Rh1 60. Ke5 Rg1 61. Rf6+ Kg7 62. h6+ Kh7 63. Rxe6 Rxg3 64. Kxf5 Rh3 65. e4 Rxh6 66. Rxh6+ Kxh6 67. Kf6 1-0


[Site "https://www.chess.com"]

[Event "Titled Tuesday Blitz August 16 Late 2022"]
[White "Kamsky, Gata"]
[Black "Amburgy, Ryan"]
[WhiteFideId "2000024"]
[BlackFideId "30924820"]
[WhiteElo "2666"]
[BlackElo "2066"]
[Result "1-0"]
[Round "09"]
[TimeControl "180+1"]
[Date "2022.08.16"]
[WhiteClock "0:00:35"]
[BlackClock "0:00:05"]

1. d4 Nf6 2. Nf3 b6 3. Bf4 Bb7 4. e3 Nh5 5. Bg5 h6 6. Bh4 g5 7. Nfd2 Nf4 8. exf4 gxh4 9. Nf3 e6 10. Nbd2 Qf6 11. g3 d6 12. Bb5+ Nd7 13. Qe2 O-O-O 14. Ba6 hxg3 15. hxg3 Bg7 16. O-O-O Qf5 17. Bxb7+ Kxb7 18. Qe4+ Qxe4 19. Nxe4 f5 20. Nc3 Nf6 21. d5 Ne4 22. Nxe4 fxe4 23. Nh4 exd5 24. Nf5 Rd7 25. Rxd5 Kc6 26. c4 a5 27. a4 Rf7 28. Nxg7 Rxg7 29. Kd2 Rg6 30. Ke3 Re8 31. Rdh5 Rge6 32. b3 R6e7 33. Rxh6 Kc5 34. f5 Kb4 35. f6 Rf7 36. g4 Re5 37. Kf4 Kxb3 38. g5 Kxa4 39. Rh7 Rf8 40. Rxc7 Kb4 41. f7 Re6 42. Kf5 Re5+ 43. Kf6 a4 44. g6 e3 45. g7 Rxf7+ 46. Kxf7 exf2 47. g8=Q Re1 48. Qg2 1-0


[Site "https://www.chess.com"]

[Event "Titled Tuesday Blitz August 16 Late 2022"]
[White "Kashtanov, Ruslan"]
[Black "Pinheiro, Iung Alicio de O."]
[WhiteFideId "4124871"]
[BlackFideId "2104350"]
[WhiteElo "2168"]
[BlackElo "2283"]
[Result "0-1"]
[Round "09"]
[TimeControl "180+1"]
[Date "2022.08.18"]
[WhiteClock "0:00:00"]
[BlackClock "0:00:00"]

1. d4 Nf6 2. c4 g6 3. d5 Bg7 4. Nc3 O-O 5. e4 c6 6. Be2 cxd5 7. cxd5 e6 8. Nf3 exd5 9. exd5 d6 10. O-O Nbd7 11. Bf4 Nc5 12. Rc1 Nfe4 13. Nxe4 Nxe4 14. Qa4 Nc5 15. Qa3 Qf6 16. Bg5 Qxb2 17. Qxb2 Bxb2 18. Rc2 Bg7 19. Be7 Re8 20. Bxd6 Ne4 21. Bb4 Bf5 22. Bb5 Red8 23. Rd1 Nd6 24. Rc7 Nxb5 25. Rxb7 Nd6 26. Ng5 Nxb7 0-1


[Site "https://www.chess.com"]

[Event "Titled Tuesday Blitz August 16 Late 2022"]
[White "Kobo, Ori"]
[Black "Goryachkina, Aleksandra"]
[WhiteFideId "2812320"]
[BlackFideId "4147103"]
[WhiteElo "2420"]
[BlackElo "2426"]
[Result "0-1"]
[Round "09"]
[TimeControl "180+1"]
[Date "2022.08.16"]
[WhiteClock "0:00:00"]
[BlackClock "0:00:03"]

1. c4 e6 2. Nc3 d5 3. d4 Nf6 4. cxd5 exd5 5. Bg5 c6 6. Qc2 g6 7. e3 Bg7 8. Bd3 O-O 9. Nf3 Nbd7 10. O-O Re8 11. b4 h6 12. Bh4 Qe7 13. Qb3 Qe6 14. Nd2 Nh5 15. Rae1 g5 16. Bg3 f5 17. Qd1 Nxg3 18. hxg3 Nf6 19. b5 Qd6 20. Qc2 Ne4 21. Rc1 Bd7 22. bxc6 bxc6 23. Na4 Rab8 24. Nc5 Nxc5 25. Qxc5 Qxc5 26. Rxc5 Rb2 27. Nb3 Rxa2 28. Rfc1 Rb8 29. R5c3 f4 30. gxf4 gxf4 31. Nc5 Be8 32. Ne6 fxe3 33. fxe3 Rbb2 34. Bf1 a5 35. Nc7 Bd7 36. Na6 a4 37. Nc5 Be8 38. Nd3 Rd2 39. Nb4 Rab2 40. Nxc6 Bxc6 41. Rxc6 a3 42. Rc8+ Kh7 43. Ra8 a2 44. Ra1 Bf6 45. Ra7+ Kg6 46. Ra5 Bg5 47. Kh2 Bxe3 48. Ra6+ Kg5 49. Ra5 Bf4+ 50. Kg1 Be3+ 51. Kh2 Kf4 52. Rxd5 Rb1 53. Rxa2 Rxa2 54. Rd8 Rxf1 55. Rf8+ Kg4 56. Rxf1 Bxd4 57. Rf8 Be5+ 58. Kg1 Bg3 59. Rg8+ Kh4 60. Kf1 Rf2+ 61. Kg1 Ra2 62. Kf1 Ra1+ 63. Ke2 Rg1 64. Kf3 Rf1+ 65. Ke3 Rf2 66. Rg6 h5 67. Rh6 Rxg2 68. Rh8 Rg1 69. Kf3 Rf1+ 70. Kg2 Rf2+ 71. Kg1 Ra2 72. Rh7 Kg4 73. Kh1 Kf3 74. Rf7+ Bf4 75. Rg7 Ra1+ 76. Rg1 Ra2 77. Rf1+ Kg4 78. Rg1+ Bg3 79. Rb1 Re2 80. Kg1 Bf4 81. Rb3 Be3+ 82. Kf1 Kf3 83. Ra3 Rf2+ 84. Ke1 Rh2 85. Kd1 Rh1+ 86. Kc2 h4 87. Kd3 h3 0-1


[Site "https://www.chess.com"]

[Event "Titled Tuesday Blitz August 16 Late 2022"]
[White "Koepke, Christian"]
[Black "Urh, Zala"]
[WhiteFideId "4655737"]
[BlackFideId "14611481"]
[WhiteElo "2188"]
[BlackElo "2097"]
[Result "1-0"]
[Round "09"]
[TimeControl "180+1"]
[Date "2022.08.18"]
[WhiteClock "0:00:00"]
[BlackClock "0:00:00"]

1. d4 d5 2. e3 Nf6 3. Bd3 g6 4. Nf3 Bg7 5. O-O O-O 6. b3 c5 7. Bb2 Nc6 8. dxc5 Bg4 9. Be2 Ne4 10. Bxg7 Kxg7 11. h3 Be6 12. c3 Nxc5 13. Nd4 Qd6 14. Nd2 Nxd4 15. cxd4 Nd7 16. Nf3 Rac8 17. Qd2 Bf5 18. Rfc1 Nf6 19. Ne5 Rxc1+ 20. Rxc1 Rc8 21. Rxc8 Bxc8 22. Qa5 a6 23. Qc3 Bf5 24. g4 Be6 25. f3 Qa3 26. Qc2 h6 27. Kf2 Nh7 28. h4 Nf6 29. g5 hxg5 30. hxg5 Nh7 31. f4 Bf5 32. Bd3 Bxd3 33. Nxd3 f6 34. gxf6+ Nxf6 35. Nc5 Qb4 36. Ne6+ Kf7 37. Ng5+ Kg7 38. Ke2 Qd6 39. Qc8 Ne4 40. Nxe4 dxe4 41. Qxb7 Qe6 42. Kd2 Kh6 43. d5 Qh3 44. Qxe7 Qg2+ 45. Kc3 Qxa2 46. Qxe4 Qa1+ 47. Kc4 Qc1+ 48. Kb4 Qd2+ 49. Kc5 Qa5+ 50. Kd6 Qd8+ 51. Kc6 Qc8+ 52. Kb6 Qb8+ 53. Kxa6 Qa8+ 54. Kb5 Qb8+ 55. Kc4 Qc8+ 56. Kd3 Qa6+ 57. Qc4 Qf6 58. Qd4 Qd6 59. Qe5 Qa6+ 60. Kd2 Qa2+ 61. Ke1 Qxb3 62. d6 Qb4+ 63. Kf2 Qb7 64. Qg5+ Kg7 65. Qe7+ Qxe7 66. dxe7 Kf7 67. Kf3 Kxe7 68. Kg4 Ke6 69. Kg5 Kf7 70. e4 Kg7 71. e5 Kf7 72. Kh6 g5 73. Kxg5 Ke6 74. Kg6 Ke7 75. f5 Ke8 76. e6 Kf8 77. Kf6 Ke8 78. e7 Kd7 79. Kf7 Kd6 80. e8=Q Kc5 81. Qe5+ Kc4 82. Ke6 1-0


[Site "https://www.chess.com"]

[Event "Titled Tuesday Blitz August 16 Late 2022"]
[White "Kopczynski, Michal"]
[Black "Kambrath, Yannick"]
[WhiteFideId "1124200"]
[BlackFideId "20632525"]
[WhiteElo "2235"]
[BlackElo "2236"]
[Result "1/2-1/2"]
[Round "09"]
[TimeControl "180+1"]
[Date "2022.08.16"]
[WhiteClock "0:00:31"]
[BlackClock "0:00:56"]

1. e4 c5 2. d4 e6 3. f4 cxd4 4. c3 Nf6 5. Bd3 b6 6. e5 Nd5 7. cxd4 Bb7 8. Nf3 Nc6 9. O-O g6 10. Nc3 Ncb4 11. Ne4 Nxd3 12. Qxd3 Be7 13. Nfg5 h6 14. Qh3 Kf8 15. Bd2 Kg7 16. Nf3 Rc8 17. Rac1 Nb4 18. Nd6 Bxd6 19. exd6 Rxc1 20. Rxc1 Bxf3 21. Bxb4 Bd5 22. Rc7 a5 23. Be1 Qf6 24. Qe3 Rd8 25. Qe5 g5 26. f5 Qxe5 27. dxe5 exf5 28. Bf2 Bxa2 29. Bxb6 Be6 30. Bxa5 Rb8 31. b4 Rb5 32. Rc5 Rxc5 33. bxc5 f6 34. exf6+ Kxf6 35. Bc3+ Kg6 36. Kf2 f4 37. g3 fxg3+ 38. Kxg3 Kf5 39. h4 gxh4+ 40. Kxh4 Ke4 41. Kh5 Kd5 42. Bf6 Kxc5 43. Be7 Kc6 44. Kxh6 Bd5 45. Kg5 Be6 46. Kh6 Bd5 47. Kg5 Be6 48. Kh6 1/2-1/2


[Site "https://www.chess.com"]

[Event "Titled Tuesday Blitz August 16 Late 2022"]
[White "Kostiukov, Alexandr"]
[Black "Zeynalov, Farid"]
[WhiteFideId "14108100"]
[BlackFideId "13402250"]
[WhiteElo "2202"]
[BlackElo "2278"]
[Result "1-0"]
[Round "09"]
[TimeControl "180+1"]
[Date "2022.08.18"]
[WhiteClock "0:00:00"]
[BlackClock "0:00:00"]

1. g3 Nf6 2. Bg2 g6 3. c4 Bg7 4. Nf3 O-O 5. O-O d6 6. d4 Nc6 7. Nc3 Bf5 8. d5 Na5 9. Nd4 Bd7 10. b3 c5 11. dxc6 bxc6 12. Bb2 c5 13. Nc2 Rb8 14. Ne3 Nc6 15. Qd2 Nd4 16. Ncd5 e5 17. Nxf6+ Bxf6 18. Nd5 Bg5 19. e3 Nf5 20. f4 Bh6 21. fxe5 Be6 22. Rxf5 Bxf5 23. exd6 Bg7 24. Ne7+ Kh8 25. Bxg7+ Kxg7 26. Nc6 Qf6 27. Rd1 Rb7 28. e4 Bg4 29. Rf1 Qe6 30. e5 Rd7 31. Qf2 Bh3 32. Qf6+ Qxf6 33. exf6+ Kh6 34. Bxh3 Rxd6 35. Ne5 g5 36. Bf5 Rxf6 37. Ng4+ Kg7 38. Nxf6 Kxf6 39. Be4+ Kg7 40. Bd5 f5 41. Re1 f4 42. Re7+ Kg6 43. g4 f3 44. Kf2 Rf4 45. h3 Rd4 46. Rxa7 h5 47. Kxf3 hxg4+ 48. hxg4 Kh6 49. Be4 Rd7 50. Ra6+ Kg7 51. Bd5 Kh7 52. Re6 Rf7+ 53. Kg3 Rf4 54. Re5 Kh6 55. Rf5 Rd4 56. Rf6+ Kg7 57. Rf7+ Kh6 58. Rf2 Rd3+ 59. Kg2 Rd4 60. Re2 Rxg4+ 61. Kf3 Rd4 62. Kg3 g4 63. Rc2 Kh5 64. a4 Rd3+ 65. Kg2 Rxb3 66. Ra2 Kh4 67. a5 Rg3+ 68. Kh2 Rh3+ 69. Kg1 Rg3+ 70. Bg2 Rc3 71. a6 Kg3 72. a7 Rc1+ 73. Bf1 Re1 74. a8=Q Re5 75. Qg2+ Kf4 76. Qf2+ Kg5 77. Re2 Rf5 78. Qe3+ Kh4 79. Rh2# 1-0


[Site "https://www.chess.com"]

[Event "Titled Tuesday Blitz August 16 Late 2022"]
[White "Kovacevic, Radmila"]
[Black "Capp, Stephen"]
[WhiteFideId "933171"]
[BlackFideId "2027089"]
[WhiteElo "2157"]
[BlackElo "1920"]
[Result "1-0"]
[Round "09"]
[TimeControl "180+1"]
[Date "2022.08.18"]
[WhiteClock "0:00:00"]
[BlackClock "0:00:00"]

1. d4 Nf6 2. Nf3 d5 3. g3 Bf5 4. Bg2 e6 5. O-O Be7 6. Nh4 Bg6 7. Nd2 O-O 8. Nxg6 hxg6 9. e4 c6 10. e5 Nfd7 11. c3 c5 12. Nf3 Nc6 13. Re1 cxd4 14. cxd4 Qb6 15. h4 Rac8 16. Be3 Nb4 17. Re2 Rc7 18. a3 Nc6 19. Rc1 a5 20. Kh2 Rfc8 21. Rec2 a4 22. Re2 Qa6 23. Bf1 Qa7 24. Rec2 Nb6 25. h5 gxh5 26. Ng5 Bxg5 27. Bxg5 Nc4 28. Bxc4 dxc4 29. Rxc4 b5 30. Rc5 g6 31. Bf6 Qb7 32. d5 exd5 33. Qxd5 Ne7 34. Qxb7 Rxc5 35. Rxc5 Rxc5 36. Bxe7 Rxe5 37. Qb8+ Kh7 38. Qxe5 Kh6 39. Bf8+ Kh7 40. Qg7# 1-0


[Site "https://www.chess.com"]

[Event "Titled Tuesday Blitz August 16 Late 2022"]
[White "Krzywda, Andrzej"]
[Black "Sanchez, Robert"]
[WhiteFideId "1114565"]
[BlackFideId "2034360"]
[WhiteElo "2098"]
[BlackElo "1966"]
[Result "1-0"]
[Round "09"]
[TimeControl "180+1"]
[Date "2022.08.18"]
[WhiteClock "0:00:00"]
[BlackClock "0:00:00"]

1. e4 e6 2. d4 d5 3. Nc3 Nf6 4. e5 Nfd7 5. f4 c5 6. Nf3 Nc6 7. Be3 Be7 8. Qd2 O-O 9. Qf2 cxd4 10. Nxd4 Nxd4 11. Bxd4 f6 12. exf6 Nxf6 13. Be2 a6 14. O-O b5 15. Qg3 Rf7 16. Bd3 b4 17. Ne2 Ne4 18. Bxe4 dxe4 19. Rad1 Qc7 20. Qb3 a5 21. c4 a4 22. Qe3 Qxc4 23. Rc1 Qd5 24. Ng3 Ba6 25. Rfd1 Bd3 26. Rc7 Bf6 27. Bxf6 Rxc7 28. Be5 Rc2 29. Nh5 Re2 30. Qg3 g6 31. Nf6+ Kf7 32. Nxd5 exd5 33. Qg5 Re8 34. Qf6+ 1-0


[Site "https://www.chess.com"]

[Event "Titled Tuesday Blitz August 16 Late 2022"]
[White "Kujawski, Adam"]
[Black "Goncalves, Davi Sulzbacher"]
[WhiteFideId "1100920"]
[BlackFideId "2154510"]
[WhiteElo "1972"]
[BlackElo "2107"]
[Result "0-1"]
[Round "09"]
[TimeControl "180+1"]
[Date "2022.08.18"]
[WhiteClock "0:00:00"]
[BlackClock "0:00:00"]

1. e4 c6 2. d4 d5 3. Nc3 dxe4 4. Nxe4 Nd7 5. Ng5 e6 6. Bd3 Ngf6 7. N1f3 h6 8. Nxe6 fxe6 9. Bg6+ Ke7 10. O-O Qb6 11. c4 Kd8 12. Bf4 Be7 13. a3 Nf8 14. Bf7 g5 15. Bg3 Rh7 16. Ne5 Bd7 17. Nxd7 Kxd7 18. d5 cxd5 19. cxd5 Nxd5 20. Bxe6+ Qxe6 21. Re1 Qf7 22. Re5 Rd8 23. Rxd5+ Ke8 24. Qa4+ Nd7 25. Rad1 Bf6 26. Re1+ Kf8 27. Bc7 Qxd5 28. Bxd8 Bxd8 29. Rd1 Re7 30. h3 Qc6 0-1


[Site "https://www.chess.com"]